 Dungeon Crawl Stone Soup version 0.31-a0-188-g5e087ee2ca (webtiles) character file.

Game seed: 11366426354186955133

109 qw the Skirmisher (level 4, -9/25 HPs)
             Began as a Deep Elf Hunter on June 23, 2023.
             Killed by divine providence
             ... invoked by an orc priest
              (13 damage)
             ... on level 4 of the Dungeon.
             The game lasted 00:00:34 (977 turns).

qw the Skirmisher (Deep Elf Hunter)                  Turns: 977, Time: 00:00:34

Health: -9/25      AC:  3    Str: 16    XL:     4   Next: 60%
Magic:  6/6        EV: 12    Int: 14    God:
Gold:   67         SH:  0    Dex: 18    Spells: 3/3 levels left

rFire   . . .        Y - +0 shortbow
rCold   . . .        (shield currently unavailable)
rNeg    . . .        c - +0 leather armour
rPois   .            (no helmet)
rElec   .            (no cloak)
rCorr   .            (no gloves)
SInv    .            (no boots)
Will    .....        (no amulet)
Stlth   ++           j - +6 ring of strength
HPRegen 0.24/turn    (no ring)
MPRegen 0.10/turn

%: no passive effects
@: no status effects
A: no striking features
a: no special abilities


You were on level 4 of the Dungeon.
You visited 1 branch of the dungeon, and saw 3 of its levels.

You collected 67 gold pieces.


   Skills:
 - Level 1.5 Fighting
 - Level 8.0 Ranged Weapons
 + Level 2.5 Dodging
 - Level 1.2 Stealth


You had 3 spell levels left.
You didn't know any spells.
Your spell library was empty.

Inventory:

Hand Weapons
 Y - a +0 shortbow (weapon)
Armour
 c - a +0 leather armour (worn)
Jewellery
 j - a +6 ring of strength (left hand)
Potions
 f - a potion of mutation {unknown}
 g - a potion of curing {unknown}
 k - a potion of cancellation {unknown}

Dungeon Overview and Level Annotations

Branches:
Dungeon (2/15)

Altars:


Message History

An endoplasm comes into view.
The hobgoblin hits you but does no damage.
You shoot an arrow. The endoplasm quivers.
The arrow hits the hobgoblin.
The hobgoblin is severely wounded.
The hobgoblin misses you.
You shoot an arrow. The arrow hits the hobgoblin.
You kill the hobgoblin!
You shoot an arrow. The arrow hits the endoplasm!
You kill the endoplasm!
A sourceless malevolence fills the Dungeon...
You fall into a shaft and drop 2 floors!
The shaft crumbles and collapses.
An orc comes into view. It is wielding a +0 flail.
The orc shouts!
You hear a shout! x2
An orc comes into view. It is wielding a +0 dagger of venom.
An orc comes into view. It is wielding a +0 short sword.
You see here a scroll labelled TIESEKHLASHRUF.
Waypoint 2 assigned to D:4.
You shoot an arrow. The arrow closely misses the orc.
The orc shouts!
You shoot an arrow.
The arrow hits the orc but does no damage.
An orc priest comes into view. It is wielding a +0 club.
You shoot an arrow. The arrow hits the orc.
The orc is heavily wounded.
The orc priest mumbles some strange prayers to Beogh against you.
Beogh smites you!
You shoot an arrow. The arrow closely misses the orc.
The orc priest calls down the wrath of Beogh upon you.
Beogh smites you!
Ouch! That really hurt!
You shoot an arrow. The arrow closely misses the orc.
You shoot an arrow. The arrow hits the orc!
You kill the orc!
The orc priest invokes the aid of Beogh against you.
Beogh smites you!
Ouch! That really hurt!
You die...

#.....
#...o..
##......
#...o..
....o#
#.).# #..#
#@.# #..#
#..##
#...##
##....##
#......#
#####.....
#.... #...


You could see an orc priest and 2 orcs.

Vanquished Creatures
  4 adders (D:2)
  3 gnolls (D:2)
  3 dart slugs
  An orc (D:4)
  3 ball pythons (D:1)
  4 bats
  3 endoplasms
  A giant cockroach (D:1)
  2 goblins
  7 hobgoblins
  2 jackals (D:1)
  3 frilled lizards (D:1)
  2 kobolds (D:1)
  3 rats
41 creatures vanquished.

Notes
Turn   | Place    | Note
-------+----------+-------------------------------------------
     0 | D:1      | qw the Deep Elf Hunter began the quest for the Orb.
     0 | D:1      | Reached XP level 1. HP: 12/12 MP: 3/3
     0 | D:1      | 0 ||| qw: Version: 0.3-a-9-g12657ce
     0 | D:1      | 0 ||| qw: Game counter: 3160
     0 | D:1      | 0 ||| qw: Always use a shield: true
     0 | D:1      | 0 ||| qw: God list: Okawaru
     0 | D:1      | 0 ||| qw: Allow faded altars: false
     0 | D:1      | 0 ||| qw: Do Orc after D:15 true
     0 | D:1      | 0 ||| qw: Do second Lair branch before Depths: true
     0 | D:1      | 0 ||| qw: Lair rune preference: random
     0 | D:1      | 0 ||| qw: Plans: Normal
     0 | D:1      | 0 ||| PLANNING D:1-11
   215 | D:1      | Reached skill level 6 in Ranged Weapons
   215 | D:1      | Reached XP level 2. HP: 16/16 MP: 4/4
   520 | D:1      | Reached XP level 3. HP: 18/20 MP: 5/5
   612 | D:1      | 612 ||| DROPPING ring of wizardry.
   613 | D:1      | 613 ||| UPGRADING to +6 ring of strength.
   614 | D:1      | 614 ||| READING scroll labelled QOFAUQIAHAU.
   615 | D:1      | 615 ||| READING scroll labelled QOKLANL ELIR.
   616 | D:1      | 616 ||| READING scroll labelled ANIACL EMEREL.
   620 | D:1      | 620 ||| READING scroll labelled DEP QAKKAT.
   621 | D:1      | 621 ||| DRINKING 2 silvery potions.
   622 | D:1      | 622 ||| DROPPING scroll of butterflies.
   623 | D:1      | 623 ||| DROPPING potion of brilliance.
   695 | D:2      | Reached skill level 7 in Ranged Weapons
   742 | D:2      | 742 ||| FLEEEEING.
   743 | D:2      | 743 ||| FLEEEEING.
   744 | D:2      | 744 ||| FLEEEEING.
   745 | D:2      | 745 ||| FLEEEEING.
   746 | D:2      | 746 ||| FLEEEEING.
   747 | D:2      | 747 ||| FLEEEEING.
   808 | D:2      | Reached XP level 4. HP: 25/25 MP: 6/6
   811 | D:2      | 811 ||| Stepping ~*~*~tactically~*~*~ (outnumbered).
   912 | D:2      | Reached skill level 8 in Ranged Weapons
   966 | D:2      | You fall into a shaft and drop 2 floors!
   975 | D:4      | HP: 3/25 [orc priest/divine providence (14)]
   977 | D:4      | Killed from afar by an orc priest

Levels and vault maps discovered:
D:1:      minmay_arrival_cross, layout_basic
D:2:      layout_basic, basic_altar
D:4:      layout_cave_pods, uniq_ijyb, uniq_menkaure

Skill      XL: |  1  2  3  4 |
---------------+-------------+-----
Ranged Weapons | 6 7 8 |  8.0
Fighting       | |  1.5
Dodging        | |  2.5
Stealth        | |  1.2

Action                     |  1- 3 |  4- 6 || total
---------------------------+-------+-------++-------
   Fire: Shortbow          |   111 |    33 ||   144
    Use: Scroll            |     4 |       ||     4
         Potion            |     1 |       ||     1
 Armour: Leather armour    |     9 |     2 ||    11
  Dodge: Dodged            |    35 |     7 ||    42

Table legend:
 A = Non-vault XP
 B = Vault XP
 C = Vault XP percentage of total XP
 D = Non-vault monster count
 E = Vault monster count
 F = Vault count percentage of total count
                 A         B        C        D         E       F
            +---------+---------+-------+---------+---------+-------
      Total |     160 |       0 |   0.0 |      41 |       0 |   0.0
            +---------+---------+-------+---------+---------+-------
        D:1 |      45 |       0 |   0.0 |      24 |       0 |   0.0
        D:2 |     112 |       0 |   0.0 |      16 |       0 |   0.0
        D:4 |       3 |       0 |   0.0 |       1 |       0 |   0.0
            +---------+---------+-------+---------+---------+-------
